 Dungeon Crawl Stone Soup version 0.30-a0-743-gbfdf073431 (webtiles) character file.

Game seed: 12621918064849411757

382 CrazyBamboolord the Cudgeller (level 6, 0/91 HPs)
             Began as a Troll Fighter on Feb 7, 2023.
             Slain by Edmund
             ... wielding a +5 dire flail of protection
              (7 damage)
             ... on level 4 of the Dungeon.
             The game lasted 00:05:46 (2340 turns).

CrazyBamboolord the Cudgeller (Troll Fighter)       Turns: 2340, Time: 00:05:46

Health: 0/91       AC: 27    Str: 24 (27) XL:     6   Next: 47%
Magic:  5/5        EV:  1    Int:  3 (4)  God:
Gold:   116        SH:  7    Dex:  8 (9)  Spells: 5/5 levels left

rFire   . . .      SeeInvis .    a - +0 flail
rCold   . . .      Faith    .    c - +0 kite shield
rNeg    . . .      Spirit   .    (body armour currently unavailable)
rPois   +          Reflect  .    (helmet currently unavailable)
rElec   .          Harm     .    (cloak currently unavailable)
rCorr   .          Rampage  .    (gloves unavailable)
Will    .....      NoTele   +    (boots unavailable)
Stlth   +                        (no amulet)
HPRegen 1.15/turn                f - ring of wizardry
MPRegen 0.09/turn                o - +4 ring of protection

@: tree-form, invisible
A: stationary, stasis, torment immunity, boosted hp, large, unfitting armour,
(claws 3), regeneration 1, (shaggy fur 1), (tough skin 1)
a: no special abilities


You were on level 4 of the Dungeon.
You were a tree.
You visited 1 branch of the dungeon, and saw 4 of its levels.

You collected 116 gold pieces.

Inventory:

Hand Weapons
 a - a +0 flail (weapon)
Armour
 b - a +0 robe (melded)
 c - a +0 kite shield (worn)
Jewellery
 f - a ring of wizardry (left branch)
 k - an amulet of faith
 o - a +4 ring of protection (right branch)
Wands
 n - a wand of flame (38)
Scrolls
 e - 2 scrolls of torment
 h - a scroll of vulnerability
 i - a scroll of fog
 l - a scroll of blinking {unknown}
 p - a scroll of fear {unknown}
Potions
 m - 2 potions of degeneration


   Skills:
 * Level 3.2 Fighting
 * Level 4.8 Maces & Flails
 * Level 3.2 Dodging
 * Level 3.4 Shields


You had 5 spell levels left.
You didn't know any spells.
Your spell library was empty.

Dungeon Overview and Level Annotations

Branches:
Dungeon (4/15)
 Temple: D:4-7

Altars:
Xom

Annotations:
D:3 2 runed translucent doors, BRD's ghost, amateur DsGl
D:4 Edmund


Innate Abilities, Weirdness & Mutations

You are a tree.
Your roots penetrate the ground, keeping you stationary.
You cannot be teleported.
You are immune to unholy pain and torment.
Your maximum health is greatly increased.
Your equipment is partially melded.
You are too large for most types of armour.
((You have claws for hands.))
Your natural rate of healing is unusually fast.
((You are covered in fur. (AC +1)))
((You have tough skin. (AC +1)))


Message History

You closely miss Edmund.
Edmund is lightly wounded.
Edmund closely misses you.
You completely miss Edmund.
Edmund is lightly wounded.
You block Edmund's attack.
You sock Edmund!
Edmund is moderately wounded.
Edmund gestures with his flail.
Edmund hits you with a +5 dire flail of protection.
You barely miss Edmund.
Edmund is moderately wounded.
Edmund hits you with a +5 dire flail of protection!
* * * LOW HITPOINT WARNING * * *
Edmund hits you with a +5 dire flail of protection!
* * * LOW HITPOINT WARNING * * *
You sock Edmund!
Edmund is heavily wounded.
A scorpion comes into view.
You block Edmund's attack.
The scorpion moves out of view.
It was a potion of degeneration.
There was something very wrong with that liquid.
You feel weakened.
You feel dopey.
You feel clumsy. Edmund barely misses you.
It was a potion of invisibility.
You fade into invisibility!
Edmund hits you with a +5 dire flail of protection.
* * * LOW HITPOINT WARNING * * *
Okay, then.
Okay, then.
It was a potion of lignification.
You turn into a tree.
Your +0 robe melds into your body.
Your roots penetrate the ground.
You block Edmund's attack.
Okay, then.
Okay, then.
Unknown command.
As you read the scroll of torment, it crumbles to dust.
You feel a surge of unholy energy.
Edmund convulses!
Edmund hits you with a +5 dire flail of protection!
You die...

##..(#.........
#..#.....#.....
#.###...###...
#..#.....#..... ...#
#.........#..## ...#
##.......##... ...
##.....@.....# #..
#..#...♣.#!.###. ..
#.###..?###..... .#
#..#.....#..#####.#
##............#...#
##........##.#.#...#
#...........#.#..##
######.##.....#..#
##.##.#...#...
#..##.#.#.##.#.


You could see Edmund (unable to see you).

Vanquished Creatures
  An ice beast (D:4)
  A phantom (D:4)
  2 scorpions (D:4)
  3 adders
  2 worms (D:2)
  3 dart slugs
  6 ball pythons
  3 bats
  9 endoplasms
  2 giant cockroaches
  7 goblins
  6 hobgoblins
  3 jackals (D:2)
  4 quokkas
  2 frilled lizards
  6 kobolds
  7 rats
67 creatures vanquished.

Notes
Turn   | Place    | Note
-------+----------+-------------------------------------------
     0 | D:1      | CrazyBamboolord the Troll Fighter began the quest for the
                  | Orb.
     0 | D:1      | Reached XP level 1. HP: 22/22 MP: 0/0
   150 | D:1      | Reached XP level 2. HP: 29/29 MP: 1/1
   250 | D:1      | Reached skill level 2 in Maces & Flails
   646 | D:2      | Reached XP level 3. HP: 29/36 MP: 2/2
  1290 | D:2      | Found a faded altar of an unknown god.
  1329 | D:3      | Reached XP level 4. HP: 44/44 MP: 3/3
  1362 | D:3      | Found a runed translucent door.
  1362 | D:3      | Noticed BRD's ghost (amateur DsGl)
  1391 | D:3      | Found a runed translucent door.
  1394 | D:3      | Noticed a bullfrog
  1452 | D:3      | Reached skill level 3 in Maces & Flails
  2231 | D:4      | Found a shimmering altar of Xom.
  2232 | D:4      | Noticed a scorpion
  2233 | D:4      | Found a shimmering altar of Xom.
  2233 | D:4      | Found a shimmering altar of Xom.
  2233 | D:4      | Noticed a scorpion
  2238 | D:4      | Found a shimmering altar of Xom.
  2238 | D:4      | Found a shimmering altar of Xom.
  2241 | D:4      | Killed a scorpion
  2242 | D:4      | Reached XP level 5. HP: 52/52 MP: 4/4
  2246 | D:4      | Reached skill level 4 in Maces & Flails
  2276 | D:4      | Noticed a phantom
  2279 | D:4      | Noticed an ice beast
  2283 | D:4      | Killed a phantom
  2284 | D:4      | Reached XP level 6. HP: 58/61 MP: 5/5
  2291 | D:4      | Killed an ice beast
  2314 | D:4      | Noticed Edmund
  2338 | D:4      | HP: 3/61 [Edmund/+5 dire flail of protection (6)]
  2340 | D:4      | Slain by Edmund

Illustrated notes

Levels and vault maps discovered:
D:1:      dreamdust_arrival_beginning_and_end, layout_basic, serial_forest,
          infiniplex_forest_join, infiniplex_forest_clump_cross,
          infiniplex_forest_lined_3_way, infiniplex_forest_straight_4,
          infiniplex_forest_lined_room_3, infiniplex_forest_straight_4,
          infiniplex_forest_side_room
D:2:      layout_loops_ring, hellmonk_ecumenical_altar_heavens_door
D:3:      layout_basic, ebering_ghost_sewer_f, grunt_ministairs_10,
          corexii_item_surrounded_by_moat, minmay_misc_feat_cross,
          item_on_display_b
D:4:      layout_basic, pf_just_have_faith, nicolae_xom_altar_mimics,
          minmay_strange_pillars, minmay_box_of_dots, uniq_edmund

Skill      XL: |  1  2  3  4  5 |
---------------+----------------+-----
Maces & Flails | 2 3 4 |  4.8
Shields        | 3 |  3.4
Dodging        | 3 |  3.2
Fighting       | 3 |  3.2

Action                     |  1- 3 |  4- 6 || total
---------------------------+-------+-------++-------
  Melee: Flail             |   135 |    77 ||   212
    Use: Scroll            |     3 |     1 ||     4
         Potion            |       |     4 ||     4
   Stab: Sleeping          |     1 |       ||     1
 Armour: Robe              |    59 |    27 ||    86
  Dodge: Dodged            |    47 |    31 ||    78
  Block: Kite shield       |    53 |    23 ||    76

Table legend: (Time is in decaauts)
 A = Elapsed time spent in this place.
 B = Non-inter-level travel time spent in this place.
 C = Inter-level travel time spent in this place.
 D = Time resting spent in this place.
 E = Time spent auto-exploring this place.
 F = Levels seen in this place.
 G = Mean time per level.
                   A        B        C        D        E       F      G
               +--------+--------+--------+--------+--------+-----+--------+
         Total |   2423 |   2365 |     58 |      2 |   1800 |   4 |  605.8 |
       Dungeon |   2423 |   2365 |     58 |      2 |   1800 |   4 |  605.8 |
               +--------+--------+--------+--------+--------+-----+--------+

Top non-repeatable levels by time:
     D:3: 927 daAuts
     D:2: 739 daAuts
     D:1: 636 daAuts
     D:4: 120 daAuts
